AoeStats
← flynorc

Nomad

508552530Analyzed
2v2 RM · 8d ago on Sep 23, 2026· 25m 41s· 4 players
Game mode
Random Map
Map size
176×176
Population
200
Speed
Normal
Resources
Standard
Victory
Conquest
Starting age
Dark Age
Ending age
Imperial Age
RankedLock teamsTeams togetherTeam positionsShared explorationLock speedFull tech treeHidden civsTurbo modeCheats
Victory
Defeat
🇦🇷 Khmer · Argentina
1315
+19
🇦🇷 Dravidians · Argentina
1274
+21
🇦🇹 Italians · Austria
1384
-20
🇷🇴 Varangians · Romania
1383
-20
Skayne
5:31 Loom
13:54 Feudal Age
18:36 Castle Age
17:30 Double-Bit Axe
17:44 Fletching
flynorc
9:01 Loom
14:05 Feudal Age
15:31 Fishing Lines
17:56 Castle Age
15:45 Double-Bit Axe
16:22 Fletching
16:26 Gold Mining
18:51 Forging
19:03 Medium Warships
18:45 Gillnets
19:21 Bow Saw
19:45 Coinage
19:29 Bodkin Arrow
21:22 Iron Casting
23:55 Careening
28:22 Imperial Age
Lancero Estepario del Iberá
7:34 Loom
14:59 Feudal Age
19:53 Castle Age
18:42 Gold Mining
22:44 Wheelbarrow
22:43 Double-Bit Axe
ROCA83
5:11 Loom
11:22 Feudal Age
11:50 Double-Bit Axe
20:36 Castle Age
20:31 Wheelbarrow
21:30 Medium Warships
21:37 Bow Saw
24:49 Fishing Lines
Connection lost

Rejoining the realm…

Still unreachable

The connection could not be restored.

Session expired

The server has moved on; the page needs a fresh start.